 Dungeon Crawl Stone Soup version 0.31-a0-672-g7da72447bb (webtiles) character file.

Game seed: 8892537602671987701

722 garrulousMonolith the Firebug (level 7, -1/57 HPs)
             Began as a Red Draconian Fire Elementalist on Sept 5, 2023.
             Was an Initiate of Gozag.
             Slain by an iguana (5 damage)
             ... on level 5 of the Dungeon.
             The game lasted 00:08:03 (5075 turns).

garrulousMonolith the Firebug (DrFE)                Turns: 5075, Time: 00:08:04

Health: -1/57      AC:  8    Str: 14 (16) XL:     7   Next: 43%
Magic:  2/11       EV: 12    Int: 15 (17) God:    Gozag
Gold:   300        SH:  4    Dex: 11 (12) Spells: 5/12 levels left

rFire   + + .        f - +3 dagger (drain)
rCold   + . .        a - +0 buckler
rNeg    . . .        (body armour unavailable)
rPois   +            (helmet restricted)
rElec   +            b - +1 cloak
rCorr   +            (no gloves)
SInv    .            (no boots)
Will    .....        (no amulet)
Stlth   ++           z - ring of wizardry
HPRegen 0.29/turn    n - +6 ring of strength
MPRegen 0.12/turn

%: wizardry (x1)
@: resistant, gold aura
A: breathe fire, AC +6, unfitting armour, fire resistance 1, cold-blooded
a: Breathe Fire, Renounce Religion, Potion Petition, Call Merchant, Bribe Branch


You were on level 5 of the Dungeon.
You worshipped Gozag.
Gozag was aware of your devotion.
You visited 2 branches of the dungeon, and saw 6 of its levels.

You collected 386 gold pieces.
You paid 86 gold pieces to Gozag.

Inventory:

Hand Weapons
 f - a +3 dagger of draining (weapon)
Armour
 a - a +0 buckler (worn)
 b - a +1 cloak (worn)
Jewellery
 c - a ring of flight
 n - a +6 ring of strength (right hand)
 z - a ring of wizardry (left hand)
Talismans
 g - a maw talisman
 x - a flux talisman
Wands
 y - a wand of mindburst (13)
Scrolls
 e - 2 scrolls of noise
 j - a scroll of fear {unknown}
 k - a scroll of enchant armour
 o - a scroll of vulnerability {unknown}
 p - a scroll of teleportation {unknown}
 t - 2 scrolls of identify
 u - a scroll of blinking {unknown}
Potions
 i - a potion of heal wounds {unknown}
 l - a potion of brilliance {unknown}
 m - 3 potions of lignification
 q - a potion of resistance
 s - a potion of mutation {unknown}
 v - a potion of curing {unknown}


   Skills:
 + Level 3.1 Fighting
 + Level 3.2 Dodging
 - Level 1.7 Stealth
 + Level 1.6 Shields
 + Level 3.2 Spellcasting
 * Level 4.2 Conjurations
 * Level 6.2 Fire Magic


You had 5 spell levels left.
You knew the following spells:

 Your Spells              Type           Power      Damage    Failure   Level
a - Foxfire               Conj/Fire      72%        2x1d7     1%          1
b - Scorch                Fire           42%        2d6       1%          2
c - Flame Wave            Conj/Fire      18%        2d7       12%         4

Your spell library contained the following spells:

 Spells                   Type           Power      Damage    Failure   Level
 Inner Flame              Hex/Fire       11%        N/A       9%          3
 Volatile Blastmotes      Fire/Tloc      22%        2d11      9%          3
 Freeze                   Ice            8%         1d3       11%         1
 Summon Small Mammal      Summ           8%         N/A       11%         1
 Hailstorm                Conj/Ice       8%         3d4       13%         3
 Sublimation of Blood     Necr           2%         N/A       16%         2
 Wereblood                Tmut           2%         N/A       16%         2
 Call Canine Familiar     Summ           2%         N/A       32%         3
 Frozen Ramparts          Ice            4%         1d1       32%         3
 Gell's Gravitas          Tloc           2%         N/A       32%         3
 Summon Guardian Golem    Hex/Summ       2%         N/A       32%         3
 Swiftness                Air            2%         N/A       32%         3
 Teleport Other           Tloc           2%         N/A       32%         3
 Fireball                 Conj/Fire      9%         3d6       32%         5
 Dispersal                Tloc           1%         N/A       100%        6
 Summon Hydra             Summ           1%         N/A       100%        7


Dungeon Overview and Level Annotations

Branches:
Dungeon (5/15)             Temple (1/1) D:4

Altars:
Ashenzari
Cheibriados
Dithmenos
Elyvilon
Gozag
Hepliaklqana
Makhleb
Nemelex Xobeh
Okawaru
Qazlal
Ru
Sif Muna
Trog
Uskayaw
Vehumet
Xom
Yredelemnul
Zin
The Shining One


Innate Abilities, Weirdness & Mutations

You can breathe blasts of fire.
Your fiery red scales are hard. (AC +6)
You cannot fit into any form of body armour.
Your flesh is heat resistant. (rF+)
You are cold-blooded and may be slowed by cold attacks.


Message History

You conjure some foxfire!
The iguana closely misses you. The phantom hits you.
The shadow imp hits you but does no damage.
The gnoll sergeant barely misses you.
The foxfire hits the phantom but does no damage.
The phantom is lightly damaged.
The foxfire hits the shadow imp!
You kill the shadow imp!
The iguana closely misses you. The phantom misses you.
The gnoll sergeant hits you from afar with a +0 spear.
* * * LOW HITPOINT WARNING * * *
It was a potion of resistance.
You feel protected. The iguana barely misses you.
The phantom hits you but does no damage.
You block the gnoll sergeant's attack.
Casting: Foxfire (safe; 1% risk of failure)
Confirm with . or Enter, or press ? or * to list all spells.
You conjure some foxfire!
The iguana is distracted by your dazzling golden aura.
The phantom hits you.
* * * LOW HITPOINT WARNING * * *
The phantom blinks!
You blink.
The gnoll sergeant hits you from afar with a +0 spear!
* * * LOW HITPOINT WARNING * * *
The iguana hisses angrily.
The foxfire hits the gnoll sergeant but does no damage.
The foxfire hits the iguana but does no damage.
The iguana is moderately wounded.
The iguana is no longer distracted by gold.
You block the iguana's attack.
The phantom hits you but does no damage.
You block the gnoll sergeant's attack.
Okay, then.
Okay, then.
It was a potion of degeneration.
There was something very wrong with that liquid.
You feel weakened.
You feel dopey.
You feel clumsy. The iguana bites you.
You die...
Your body crumbles into a pile of gold.

#. .##.#..# .# #.
.##.#.. ###. #. .##...#
...# #. .##§..## .#§#
##.#.##☼#r☼##§§§## #.
....#§§§§§☼§§§§..
....###☼##§§§§§§§§######
........§§§☼W.§§§§§§....
....###.##§§@.g§§§######
. ##.##§§§l☼§§§#
#..##§§☼.☼§§§#
##.###§☼§§§§§§# #..#
#§☼§§§§§§# #.##
#§§§§§§§§# #.#
#☼§§☼§§§☼# ####.#
########## #....#


You could see a phantom, a gnoll sergeant, an iguana and a quokka.

Vanquished Creatures
  Grinder (D:5)
  A scorpion (D:4)
  2 jellies (D:5)
  2 orc priests
  2 hounds (D:4)
  An iguana (D:4)
  2 orc wizards (D:4)
  11 adders
  A shadow imp (D:5)
  4 worms
  5 dart slugs
  7 orcs
  6 ball pythons
  8 endoplasms
  2 giant cockroaches
  4 goblins
  5 hobgoblins
  3 quokkas
  5 bats
  2 frilled lizards (D:1)
  6 kobolds
  8 rats
88 creatures vanquished.

Vanquished Creatures (others)
  322 foxfires
322 creatures vanquished.

Grand Total: 410 creatures vanquished

Notes
Turn   | Place    | Note
-------+----------+-------------------------------------------
     0 | D:1      | garrulousMonolith the Draconian Fire Elementalist began the
                  | quest for the Orb.
     0 | D:1      | Reached XP level 1. HP: 14/14 MP: 3/3
   175 | D:1      | Got the Papyrus of Oxidation and Nephomancy
   244 | D:1      | Reached XP level 2. HP: 22/22 MP: 0/5
  1187 | D:2      | Reached XP level 3. HP: 23/27 MP: 3/6
  1244 | D:2      | Reached skill level 1 in Fighting
  1636 | D:2      | Reached XP level 4. HP: 35/35 MP: 4/7
  1697 | D:2      | Learned a level 2 spell: Scorch
  1778 | D:2      | Found a faded altar of an unknown god.
  2763 | D:3      | Reached XP level 5. HP: 41/41 MP: 3/8
  3160 | D:4      | Reached skill level 4 in Fire Magic
  3520 | D:4      | Found a sacrificial altar of Ru.
  3656 | D:4      | Reached XP level 6. HP: 34/48 MP: 5/10
  3772 | D:4      | Found a staircase to the Ecumenical Temple.
  3783 | Temple   | Entered the Ecumenical Temple
  3889 | Temple   | Became a worshipper of Gozag Ym Sagoz the Greedy
  4352 | D:4      | Learned a level 4 spell: Flame Wave
  4649 | D:5      | Entered Level 5 of the Dungeon
  4757 | D:5      | Noticed Grinder
  4763 | D:5      | Paralysed by Grinder for 5 turns
  4775 | D:5      | Killed Grinder
  4776 | D:5      | Reached skill level 1 in Shields
  4776 | D:5      | Reached skill level 5 in Fire Magic
  4776 | D:5      | Your scales start taking on a fiery red colour.
  4776 | D:5      | Reached skill level 6 in Fire Magic
  4776 | D:5      | Reached XP level 7. HP: 13/57 MP: 6/11
  4776 | D:5      | Gained mutation: Your flesh is heat resistant. (rF+) [Red
                  | Draconian growth]
  5075 | D:5      | Slain by an iguana

Illustrated notes

Levels and vault maps discovered:
D:1:      dpeg_arrival_arbitrary_b, layout_basic, serial_park_tiny_pond
D:2:      minmay_alternating_diamond, layout_basic,
          ebering_ecumenical_altar_webs
D:3:      layout_loops_ring
D:4:      layout_cave_pools, nicolae_ru_great_annihilating_truth,
          minmay_temple_entry_enclosed_plants, serial_bayou_pond_a
D:5:      layout_basic, serial_bayou_ford_a, minmay_strange_pillars,
          minmay_starry_boxes, uniq_grinder
Temple:   dpeg_five_rooms_temple

Skill      XL: |  1  2  3  4  5  6 |
---------------+-------------------+-----
Dodging        | 2 3 |  3.2
Fighting       | 1 2 3 |  3.1
Conjurations   | 2 3 4 |  4.2
Fire Magic     | 4 6 |  6.2
Spellcasting   | 3 |  3.2
Shields        | 1 |  1.6
Stealth        | |  1.7

Action                     |  1- 3 |  4- 6 |  7- 9 || total
---------------------------+-------+-------+-------++-------
  Melee: Dagger            |       |    11 |       ||    11
   Cast: Foxfire           |    64 |   111 |    13 ||   188
         Scorch            |       |    22 |     2 ||    24
  Evoke: Wand              |       |     2 |       ||     2
    Use: Scroll            |       |     2 |     4 ||     6
         Potion            |       |     1 |     2 ||     3
 Armour: Skin              |    20 |    62 |    25 ||   107
  Dodge: Dodged            |    17 |    55 |    16 ||    88
  Block: Buckler           |       |     5 |     5 ||    10

Table legend: (Time is in decaauts)
 A = Elapsed time spent in this place.
 B = Non-inter-level travel time spent in this place.
 C = Inter-level travel time spent in this place.
 D = Time resting spent in this place.
 E = Time spent auto-exploring this place.
 F = Levels seen in this place.
 G = Mean time per level.
                   A        B        C        D        E       F      G
               +--------+--------+--------+--------+--------+-----+--------+
         Total |   5076 |   4834 |    242 |    645 |   3398 |   6 |  846.0 |
       Dungeon |   4935 |   4797 |    138 |    645 |   3382 |   5 |  987.0 |
        Temple |    141 |     37 |    104 |      0 |     16 |   1 |  141.0 |
               +--------+--------+--------+--------+--------+-----+--------+

Top non-repeatable levels by time:
     D:1: 1285 daAuts
     D:4: 1191 daAuts
     D:3: 1068 daAuts
     D:2: 964 daAuts
     D:5: 425 daAuts
  Temple: 141 daAuts
